 Dungeon Crawl Stone Soup version 0.30-a0-58-gc0703345a7 (webtiles) character file.

Game seed: 10224391560174634508

1893 ytrimaz the Fighter (level 8, -1/112 HPs)
             Began as a Demonspawn Gladiator on Sept 12, 2022.
             Slain by an orc warrior
             ... wielding a +0 halberd
              (8 damage)
             ... on level 7 of the Dungeon.
             The game lasted 00:07:40 (6383 turns).

ytrimaz the Fighter (Demonspawn Gladiator)          Turns: 6383, Time: 00:07:40

Health: -1/112     AC: 24    Str: 19    XL:     8   Next: 93%
Magic:  8/8        EV:  2    Int:  9    God:
Gold:   220        SH:  0    Dex: 18    Spells: 7/7 levels left

rFire   . . .      SeeInvis +    l - +7 flail of Destruction {vorpal, Str+2 Dex+3 Stlth+}
rCold   . . .      Faith    .    (no shield)
rNeg    . . .      Spirit   .    (body armour currently unavailable)
rPois   +          Reflect  .    (helmet currently unavailable)
rElec   .          Harm     .    (cloak currently unavailable)
rCorr   .          Rampage  .    (gloves currently unavailable)
Will    .....      NoTele   +    (boots currently unavailable)
Stlth   +++.......               (no amulet)
HPRegen 0.28/turn                m - ring of see invisible
MPRegen 0.11/turn                (no ring)

@: agile, tree-form, invisible
A: stationary, stasis, torment immunity, boosted hp, (icy blue scales 1),
powered by pain 2, (weakness stinger 1)
a: no special abilities


You were on level 7 of the Dungeon.
You were a tree.
You visited 1 branch of the dungeon, and saw 7 of its levels.

You collected 395 gold pieces.
You spent 175 gold pieces at shops.


Innate Abilities, Weirdness & Mutations

You are a tree.
Your roots penetrate the ground, keeping you stationary.
You cannot be teleported.
You are immune to unholy pain and torment.
Your maximum health is greatly increased.
Your equipment is partially melded.
((You are partially covered in icy blue scales. (AC +2)))
You sometimes gain power by taking damage.
((You have a small tail.))


   Skills:
 + Level 11.0 Fighting
 - Level 3.0(3.7) Axes
 + Level 3.3(3.9) Maces & Flails
 - Level 1.7 Throwing
 - Level 2.6 Dodging


You had 7 spell levels left.
You didn't know any spells.
Your spell library contained the following spells:

 Spells                   Type           Power      Damage    Failure   Level
 Magic Dart               Conj           0%         1d3       38%         1
 Ensorcelled Hibernation  Hex/Ice        0%         N/A       52%         2
 Passwall                 Tmut/Erth      0%         N/A       52%         2
 Searing Ray              Conj           0%         2d4       52%         2
 Conjure Flame            Conj/Fire      0%         6-21      77%         3
 Ignite Poison            Fire/Tmut/Pois 0%         N/A       77%         3
 Spider Form              Tmut/Pois      0%         N/A       77%         3
 Swiftness                Air            0%         N/A       77%         3
 Anguish                  Hex/Necr       0%         N/A       99%         4
 Cause Fear               Hex            0%         N/A       99%         4
 Fulminant Prism          Conj/Hex       0%         3d6       99%         4
 Sticky Flame             Conj/Fire      0%         2d3       99%         4
 Dragon Form              Tmut           0%         N/A       100%        7
 Dragon's Call            Summ           0%         N/A       100%        9

Inventory:

Hand Weapons
 l - the +7 flail of Destruction (weapon) {vorpal, Str+2 Dex+3 Stlth+}
   (You found it on level 2 of the Dungeon)

   It inflicts extra damage upon your enemies.
   Str:       It affects your strength (+2).
   Dex:       It affects your dexterity (+3).
   Stlth:     It makes you more stealthy.
Missiles
 d - 3 throwing nets (quivered)
 e - a javelin
Armour
 c - a +0 helmet (melded)
 h - a +2 ring mail of fire resistance (melded)
   (You bought it in a shop on level 4 of the Dungeon)
 w - a +0 pair of boots (melded)
   (You found it on level 6 of the Dungeon)
Jewellery
 m - a ring of see invisible (left branch)
   (You found it on level 3 of the Dungeon)
Wands
 b - a wand of mindburst (6)
   (You found it on level 5 of the Dungeon)
 n - a wand of roots (6)
   (You took it off Ijyb on level 3 of the Dungeon)
 p - a wand of flame (25)
   (You took it off an orc wizard on level 5 of the Dungeon)
 q - a wand of quicksilver (11)
   (You found it on level 5 of the Dungeon)
Scrolls
 j - 2 scrolls of enchant weapon
 o - 4 scrolls of amnesia
 r - a scroll of teleportation
 t - a scroll of identify
Potions
 a - a potion of lignification
 f - a potion of curing
 g - a potion of invisibility
 i - a potion of ambrosia
 k - 4 potions of attraction
 s - a potion of magic {unknown}

Dungeon Overview and Level Annotations

Branches:
Dungeon (7/15) Zot: 26679  Temple (0/1) D:4

Altars:
Ashenzari
Hepliaklqana
Vehumet
Wu Jian

Shops:
D:4 [*

Annotations:
D:6 3 runed translucent doors, gregwegmann's ghost, novice MfSu

... # ........# #.... # ........#
#..... # ....... ........#
#.....### ....... ........#
+........ ....... ........#
##........ .....#........#
#..)...... .y........oyy#
#...###### #####y..#####.#♣#
#....†.... .......y....##.#)#
#...###### ..# #.##..o.#.#
###...#..... ..####
#..#....#.#####.....#.####
.y...####.#......#.........#.##.#
o...o)...^.......+.........#.##.#
.###.#####..####.#.........#.##..
.................+...............
)###.#####...#####.........#.....


You could see an orc warrior (unable to see you) and 2 killer bees.


Message History

You take 2 damage, and now have 27/74 hp.
You miss the killer bee.
You feel very sick. The killer bee completely misses you.
The killer bee barely misses you. The killer bee completely misses you.
The killer bee barely misses you.
The killer bee closely misses you. 😨 HP[-5]
You take 5 damage, and now have 22/74 hp.
Unknown command.
You miss the killer bee.
You feel very sick.
The killer bee stings you but does no damage.
The killer bee misses you. x3
The killer bee stings you but does no damage. x2
The killer bee completely misses you.
The killer bee stings you but does no damage.
The killer bee barely misses you. 😨 HP[-2]
You take 2 damage, and now have 20/74 hp.
Unknown command.
You catch the helpless killer bee completely off-guard!
You sock the killer bee!
You feel sick. The killer bee misses you. x2
The killer bee closely misses you. The orc warrior completely misses you.
The killer bee barely misses you. x2; The killer bee completely misses you. 😱 HP[-2]
You take 2 damage, and now have 18/74 hp.
Unknown command.
You sock the killer bee!
You kill the killer bee!
You feel sick. The killer bee closely misses you. x2
The killer bee misses you. x2
The orc priest mumbles some strange prayers to Beogh against you.
Beogh smites you!
* * * LOW HITPOINT WARNING * * *
The orc warrior completely misses you. The killer bee barely misses you.
The killer bee completely misses you.
The orc warrior hits you from afar with a +0 halberd.
* * * LOW HITPOINT WARNING * * *
Your Fighting skill increases to level 11! 😱 HP[-13]
You now have 75 max hp (+1).
You take 13 damage, and now have 5/75 hp.
Unknown command.
You closely miss the orc priest.
* * * LOW HITPOINT WARNING * * *
You feel sick.
The killer bee stings you but does no damage.
The killer bee completely misses you. The killer bee barely misses you.
The killer bee misses you.
The orc priest closely misses you. 😱 HP[-1]
You take 1 damage, and now have 4/75 hp.
Unknown command.
You feel better. The killer bee misses you.
The killer bee completely misses you. The killer bee barely misses you.
The killer bee misses you.
The orc priest mumbles some strange prayers to Beogh against you.
Pain shoots through your body!
* * * LOW HITPOINT WARNING * * *
😱 HP[+5]
You regained 5 hp, and now have 9/75 hp.
It was a potion of lignification.
You turn into a tree.
Your +0 helmet melds into your body.
Your +0 pair of boots melds into your body.
Your +2 ring mail of fire resistance melds into your body.
You feel less resistant to fire.
Your roots penetrate the ground.
The killer bee stings you but does no damage. x4
The orc priest barely misses you. 😱 HP[+5]
You now have 112 max hp (+37).
You regained 5 hp, and now have 14/112 hp.
You strike the helpless orc priest from behind!
You bludgeon the orc priest!!
You kill the orc priest!
The killer bee stings you but does no damage.
The killer bee barely misses you.
The killer bee stings you but does no damage.
The killer bee stings you.
* * * LOW HITPOINT WARNING * * *
The orc warrior hits you but does no damage.
The killer bee stings you but does no damage.
The killer bee barely misses you. 😱 HP[-2]
You take 2 damage, and now have 12/112 hp.
Unknown command.
You cannot move.
You cannot move.
You barely miss the killer bee.
You punch the killer bee, but do no damage.
The killer bee stings you but does no damage.
The orc warrior hits you but does no damage.
The killer bee stings you.
* * * LOW HITPOINT WARNING * * *
😱 HP[-6]
You take 6 damage, and now have 6/112 hp.
Unknown command.
You barely miss the killer bee.
The killer bee stings you but does no damage.
The killer bee barely misses you.
The orc warrior hits you from afar with a +0 halberd!
You die...

Skill      XL: |  1  2  3  4  5  6  7  8 |
---------------+-------------------------+-----
Axes           | 3 |  3.0
Fighting       | 3 4 5 6 7 9 11 | 11.0
Maces & Flails | 3 |  3.3
Throwing       | |  1.7
Dodging        | |  2.6

Action                   |  1- 3 |  4- 6 |  7- 9 || total
-------------------------+-------+-------+-------++-------
Melee: War axe           |    11 |       |       ||    11
       Dagger            |    85 |       |       ||    85
       Punch             |     1 |       |     2 ||     3
       Flail             |    12 |   124 |   115 ||   251
       Tailslap          |       |       |    16 ||    16
  Use: Scroll            |     7 |     4 |     3 ||    14
       Potion            |       |       |     6 ||     6
 Stab: Sleeping          |     1 |     4 |     1 ||     6
       Invisible         |       |       |     4 ||     4
Armor: Leather armour    |    52 |    48 |       ||   100
       Ring mail         |       |       |    70 ||    70
       Skin              |       |       |    11 ||    11
Dodge: Dodged            |    98 |    93 |   185 ||   376

Levels and vault maps discovered:
D:1:      saegor_arrival_simple_a, layout_basic, basic_ecumenical_altar
D:2:      layout_basic, nicolae_figureground_sparkle
D:3:      layout_basic, jmf_multi_god_temple, uniq_ijyb
D:4:      layout_loops_ring, minmay_temple_entry_glassed_door, serial_shops,
          kennysheep_little_box, hangedman_abyss_or_decor_stagger,
          nicolae_shop_gadgets, uniq_blork_the_orc, uniq_eustachio
D:5:      layout_basic
D:6:      layout_rooms, jmf_multi_god_temple2, gammafunk_ghost_nasty_kobolds
D:7:      layout_basic

Notes
Turn   | Place    | Note
-------+----------+-------------------------------------------
     0 | D:1      | ytrimaz the Demonspawn Gladiator began the quest for the
                  | Orb.
     0 | D:1      | Reached XP level 1. HP: 16/16 MP: 1/1
     0 | D:1      | magus.rc [v1.9.6]
   185 | D:1      | Reached skill level 3 in Axes
   356 | D:1      | Found a faded altar of an unknown god.
   406 | D:1      | Gained mutation: You are partially covered in icy blue
                  | scales. (AC +2) [demonic ancestry]
   406 | D:1      | Reached XP level 2. HP: 18/23 MP: 2/2
   998 | D:2      | Reached skill level 3 in Fighting
  1113 | D:2      | Reached XP level 3. HP: 22/29 MP: 3/3
  1397 | D:2      | Identified the +7 flail of Destruction {vorpal, Str+2 Dex+3
                  | Stlth+}
  1813 | D:3      | Found a radiant altar of Vehumet.
  1815 | D:3      | Found an ornate altar of the Wu Jian Council.
  1838 | D:3      | You pick up a book of the Dragon and begin reading...
  1838 | D:3      | You add the spells Cause Fear, Dragon Form and Dragon's
                  | Call to your library.
  1855 | D:3      | Reached skill level 4 in Fighting
  1885 | D:3      | Gained mutation: You sometimes gain a little power by
                  | taking damage. [demonic ancestry]
  1885 | D:3      | Reached XP level 4. HP: 35/37 MP: 4/4
  2005 | D:3      | Reached skill level 5 in Fighting
  2235 | D:3      | Reached XP level 5. HP: 32/44 MP: 5/5
  2714 | D:3      | Noticed Ijyb
  2725 | D:3      | Killed Ijyb
  2726 | D:3      | Reached skill level 6 in Fighting
  3125 | D:4      | Found Lynerorch's Gadget Gallery.
  3276 | D:4      | You pick up a book of Burglary and begin reading...
  3276 | D:4      | You add the spells Passwall, Ensorcelled Hibernation and
                  | Swiftness to your library.
  3361 | D:4      | Reached XP level 6. HP: 52/52 MP: 6/6
  3397 | D:4      | Noticed Eustachio
  3410 | D:4      | Killed Eustachio
  3411 | D:4      | Reached skill level 7 in Fighting
  3556 | D:4      | Noticed Blork the orc
  3563 | D:4      | Killed Blork the orc
  3785 | D:4      | Found a staircase to the Ecumenical Temple.
  3935 | D:4      | Found Unirrocs's Antique Armour Shop.
  3940 | D:4      | Bought a runed ring mail for 175 gold pieces
  3972 | D:4      | You fall into a shaft and drop 1 floor!
  3972 | D:5      | Entered Level 5 of the Dungeon
  3981 | D:5      | Gained mutation: You have a small tail. [demonic ancestry]
  3981 | D:5      | Reached XP level 7. HP: 60/60 MP: 7/7
  4057 | D:5      | Reached skill level 8 in Fighting
  4166 | D:5      | You add the spells Conjure Flame, Ignite Poison and Sticky
                  | Flame to your library.
  4475 | D:5      | You pick up a book of Conjurations and begin reading...
  4475 | D:5      | You add the spells Magic Dart, Searing Ray and Fulminant
                  | Prism to your library.
  5006 | D:6      | Found a runed translucent gate.
  5006 | D:6      | Found a runed translucent gate.
  5006 | D:6      | Found a runed translucent gate.
  5006 | D:6      | Noticed gregwegmann's ghost (novice MfSu)
  5046 | D:6      | You pick up a book of Dreams and begin reading...
  5046 | D:6      | You add the spells Spider Form and Anguish to your library.
  5094 | D:6      | Reached skill level 9 in Fighting
  5276 | D:6      | Gained mutation: You sometimes gain power by taking damage.
                  | [demonic ancestry]
  5276 | D:6      | Reached XP level 8. HP: 69/71 MP: 8/8
  5451 | D:6      | Reached skill level 10 in Fighting
  5668 | D:6      | Found a large runed translucent door.
  5668 | D:6      | Found a large runed translucent door.
  6010 | D:6      | Found a hazy altar of Hepliaklqana.
  6013 | D:6      | Found a broken altar of Ashenzari.
  6091 | D:7      | Reached skill level 1 in Maces & Flails
  6135 | D:7      | Reached skill level 2 in Maces & Flails
  6369 | D:7      | Reached skill level 3 in Maces & Flails
  6369 | D:7      | HP: 17/74 [killer bee (4)]
  6376 | D:7      | HP: 18/74 [poisoned by a killer bee]
  6377 | D:7      | HP: 7/74 [orc priest/divine providence (10)]
  6378 | D:7      | Reached skill level 11 in Fighting
  6382 | D:7      | HP: 6/112 [killer bee (6)]
  6383 | D:7      | Slain by an orc warrior

Vanquished Creatures
  Eustachio (D:4)
  A steam dragon (D:6)
  A water moccasin (D:7)
  A black bear (D:7)
  A phantom (D:7)
  Blork the orc (D:4)
  A kobold brigand (D:7)
  2 scorpions (D:6)
  A necrophage (D:5)
  3 wights (D:6)
  3 killer bees (D:7)
  A howler monkey (D:5)
  An orc priest (D:7)
  4 hounds
  A jelly (D:6)
  Ijyb (D:3)
  5 iguanas
  5 orc wizards
  3 gnolls (D:3)
  7 adders
  A white imp (D:6)
  An ufetubus (D:7)
  A worm (D:3)
  3 dart slugs
  22 orcs
  7 endoplasms
  2 giant cockroaches
  7 goblins
  7 hobgoblins
  9 jackals
  3 quokkas
  7 ball pythons
  5 bats
  10 kobolds
  7 rats
136 creatures vanquished.

Vanquished Creatures (others)
  An orc wizard (D:5)
  2 orcs
3 creatures vanquished.

Grand Total: 139 creatures vanquished

Table legend:
 A = Non-vault XP
 B = Vault XP
 C = Vault XP percentage of total XP
 D = Non-vault monster count
 E = Vault monster count
 F = Vault count percentage of total count
                 A         B        C        D         E       F
            +---------+---------+-------+---------+---------+-------
      Total |    2246 |     459 |  17.0 |     129 |       7 |   5.1
            +---------+---------+-------+---------+---------+-------
        D:1 |      21 |       0 |   0.0 |      13 |       0 |   0.0
        D:2 |      58 |       0 |   0.0 |      19 |       0 |   0.0
        D:3 |     235 |      40 |  14.5 |      36 |       3 |   7.7
        D:4 |      63 |     297 |  82.5 |      18 |       2 |  10.0
        D:5 |     363 |       0 |   0.0 |      11 |       0 |   0.0
        D:6 |     686 |     122 |  15.1 |      14 |       2 |  12.5
        D:7 |     820 |       0 |   0.0 |      18 |       0 |   0.0
            +---------+---------+-------+---------+---------+-------

Illustrated notes

Table legend:
 A = Kills in this place as a percentage of kills in entire the game.
 B = Kills by you in this place as a percentage of kills by you in the entire game.
 C = Kills by friends in this place as a percentage of kills by friends in the entire game.
 D = Other kills in this place as a percentage of other kills in the entire game.
 E = Experience gained in this place as a percentage of experience gained in the entire game.
 F = Experience gained in this place divided by the number of levels of this place that you have seen.
                   A       B       C       D       E      F
               +-------+-------+-------+-------+-------+----------------------
         Total | 100.0 | 100.0 |   N/A | 100.0 | 100.0 | 386.4
       Dungeon | 100.0 | 100.0 |   N/A | 100.0 | 100.0 | 386.4
               +-------+-------+-------+-------+-------+----------------------

Table legend: (Time is in decaauts)
 A = Elapsed time spent in this place.
 B = Non-inter-level travel time spent in this place.
 C = Inter-level travel time spent in this place.
 D = Time resting spent in this place.
 E = Time spent auto-exploring this place.
 F = Levels seen in this place.
 G = Mean time per level.
                   A        B        C        D        E       F      G
               +--------+--------+--------+--------+--------+-----+--------+
         Total |   6461 |   6217 |    244 |     26 |   5160 |   7 |  923.0 |
       Dungeon |   6461 |   6217 |    244 |     26 |   5160 |   7 |  923.0 |
               +--------+--------+--------+--------+--------+-----+--------+

Top non-repeatable levels by time:
     D:3: 1330 daAuts
     D:6: 1270 daAuts
     D:2: 934 daAuts
     D:4: 899 daAuts
     D:1: 868 daAuts
     D:5: 837 daAuts
     D:7: 319 daAuts
